 Dungeon Crawl Stone Soup version 0.22.1-1-ga44c0e56f4 (webtiles) character file.

109 Knicklaso the Skirmisher (level 4, -4/40 HPs)
             Began as a Draconian Abyssal Knight on Oct 2, 2018.
             Was a Believer of Lugonu.
             Killed by nerve-wracking pain
             ... invoked by an orc priest
              (11 damage)
             ... on level 3 of the Dungeon.
             The game lasted 00:05:23 (1806 turns).

Knicklaso the Skirmisher (Draconian Abyssal Knight) Turns: 1806, Time: 00:05:24

Health: -4/40      AC:  6    Str: 14    XL:     4   Next: 60%
Magic:  6/6        EV: 12    Int: 12    God:    Lugonu [**....]
Gold:   215        SH:  0    Dex: 12    Spells: 3/3 levels left

rFire    . . .     SeeInvis .   a - +0 hunting sling (curse)
rCold    . . .     Gourm    .   (no shield)
rNeg     . . .     Faith    .   (armour unavailable)
rPois    .         Spirit   .   (helmet restricted)
rElec    .         Reflect  .   (no cloak)
rCorr    .         Harm     .   j - +0 pair of gloves
MR       .....                  (no boots)
Stlth    +.........             (no amulet)
HPRegen  0.13/turn              (no ring)
MPRegen  0.10/turn              (no ring)

@: no status effects
A: unfitting armour, cold-blooded, AC +5
a: Depart the Abyss, Bend Space, Renounce Religion


You were on level 3 of the Dungeon.
You worshipped Lugonu.
Lugonu was pleased with you.
You were hungry.

You visited 1 branch of the dungeon, and saw 3 of its levels.
You visited the Abyss 1 time.

You collected 215 gold pieces.

Inventory:

Hand Weapons
 a - a cursed +0 hunting sling (weapon)
 m - a +1 spear
Missiles
 l - 39 arrows
 q - 61 stones (quivered)
Armour
 j - a +0 pair of gloves (worn)
Wands
 r - a wand of random effects (16)
Scrolls
 c - a scroll of remove curse {unknown}
 e - 3 scrolls of blinking {unknown}
 f - 2 scrolls of magic mapping {unknown}
 g - 4 scrolls of enchant armour {unknown}
 h - 2 scrolls of fear {unknown}
 i - a scroll of amnesia {unknown}
 k - 4 scrolls of identify {unknown}
 o - a scroll of noise {unknown}
 s - 2 scrolls of random uselessness {unknown}
 u - a scroll of enchant weapon {unknown}
Potions
 d - a potion of curing {unknown}
 n - a potion of heal wounds {unknown}
 p - a potion of resistance {unknown}
 t - a potion of degeneration {unknown}
Comestibles
 b - 6 rations


   Skills:
 + Level 4.1 Fighting
 - Level 2.0 Polearms
 - Level 2.1 Dodging
 * Level 3.0 Unarmed Combat
 + Level 3.1 Invocations


You had 3 spell levels left.
You didn't know any spells.
Your spell library was empty.

Dungeon Overview and Level Annotations

Branches:
Dungeon (3/15)

Altars:


Innate Abilities, Weirdness & Mutations

Your plain brown scales are hard. (AC +5)
You cannot fit into any form of body armour.
You are cold-blooded and may be slowed by cold attacks.


Message History

You are too injured to fight recklessly!
Firing (i - inventory)
q - 64 stones (quivered)
Press: ? - help, Shift-Dir - straight line, f/p - orc priest
Aim: an orc priest, wielding a short sword of speed (heavily wounded)
You shoot a stone. The stone hits the orc priest!
The orc priest is almost dead.
Firing (i - inventory)
q - 63 stones (quivered)
Press: ? - help, Shift-Dir - straight line, f/p - orc priest
Aim: an orc priest, wielding a short sword of speed (almost dead)
You shoot a stone. The stone barely misses the orc priest.
The orc priest mumbles some strange prayers to Beogh against you.
Beogh smites you!
* * * LOW HITPOINT WARNING * * *
Firing (i - inventory)
q - 62 stones (quivered)
Press: ? - help, Shift-Dir - straight line, f/p - orc priest
Aim: an orc priest, wielding a short sword of speed (almost dead)
You shoot a stone. The stone barely misses the orc priest.
The orc priest mumbles some strange prayers to Beogh against you.
Pain shoots through your body!
You die...

#.#........
#.#.###.##.
#####.#)# #.###
#...>.#.###.#
#.###.......# #.#
#.#.###### #.#
#........#
#####<###...####.#
#.@.........####.##
#.###.###.#........
#o #.# #.#)##.#.##
#o #.###.#.##.#..#
#. #.......#...#.#
#( #........# #...
#( #........# #..#
#. ##†......###..#
#.#...†.......


You could see an orc priest and an orc.

Vanquished Creatures
  4 adders
  An ooze (D:1)
  A dart slug (D:2)
  4 leopard geckos
  An orc (D:3)
  4 giant cockroaches
  7 goblins
  9 hobgoblins
  5 jackals (D:1)
  6 kobolds
  5 bats
  7 frilled lizards
  7 rats
61 creatures vanquished.

Notes
Turn   | Place    | Note
-------+----------+-------------------------------------------
     0 | Abyss:1  | Knicklaso the Draconian Abyssal Knight began the quest for
                  | the Orb.
     0 | Abyss:1  | Reached XP level 1. HP: 19/19 MP: 2/2
     9 | Abyss:1  | Found a corrupted altar of Lugonu.
    75 | Abyss:1  | Noticed a kobold demonologist
    78 | D:1      | Escaped the Abyss
    96 | D:1      | Reached * piety under Lugonu
   130 | D:1      | Reached skill level 1 in Unarmed Combat
   144 | D:1      | Reached XP level 2. HP: 25/26 MP: 3/3
   529 | D:1      | Reached XP level 3. HP: 33/33 MP: 4/4
  1209 | D:2      | Reached ** piety under Lugonu
  1287 | D:2      | Reached XP level 4. HP: 37/40 MP: 6/6
  1406 | D:2      | Reached skill level 4 in Fighting
  1806 | D:3      | Killed from afar by an orc priest

Skill      XL: |  1  2  3  4 |
---------------+-------------+-----
Unarmed Combat | 1 2 3 |  3.0
Fighting       | 4 |  4.1
Invocations    | 3 |  3.1
Polearms       | |  2.0
Dodging        | |  2.1

Action                   |  1- 3 |  4- 6 || total
-------------------------+-------+-------++-------
Melee: Spear             |   148 |     1 ||   149
       Tailslap          |    12 |       ||    12
 Fire: Hunting sling     |       |    65 ||    65
Invok: Depart the Abyss  |     1 |       ||     1
 Stab: Sleeping          |     1 |       ||     1
  Eat: Chunk             |     1 |     1 ||     2
Armor: Skin              |    40 |    11 ||    51
Dodge: Dodged            |   102 |     9 ||   111
